 Dungeon Crawl Stone Soup version 0.30.0 (webtiles) character file.

Game seed: 10489916490160487340

16 Chumash the Firebug (level 2, -1/19 HPs)
             Began as a Demonspawn Fire Elementalist on May 6, 2023.
             Slain by an endoplasm (2 damage)
             ... on level 2 of the Dungeon.
             The game lasted 00:01:54 (338 turns).

Chumash the Firebug (Demonspawn Fire Elementalist)   Turns: 338, Time: 00:01:54

Health: -1/19      AC:  4    Str:  8    XL:     2   Next: 37%
Magic:  0/5        EV: 12    Int: 16    God:
Gold:   40         SH:  0    Dex: 13    Spells: 2/5 levels left

rFire   . . .        (no weapon)
rCold   . . .        (no shield)
rNeg    . . .        a - +2 robe
rPois   .            (no helmet)
rElec   .            (no cloak)
rCorr   .            (no gloves)
SInv    .            (no boots)
Will    .....        (no amulet)
Stlth   ++           (no ring)
HPRegen 0.23/turn    (no ring)
MPRegen 0.09/turn

%: no passive effects
@: no status effects
A: powered by death 1
a: no special abilities


You were on level 2 of the Dungeon.
You visited 1 branch of the dungeon, and saw 2 of its levels.

You collected 40 gold pieces.

Inventory:

Armour
 a - a +2 robe (worn)
Scrolls
 e - a scroll of immolation {unknown}
Potions
 b - a potion of curing {unknown}
 d - a potion of might {unknown}


   Skills:
 * Level 1.9 Dodging
 * Level 1.8 Stealth
 * Level 2.1 Spellcasting
 * Level 1.4 Conjurations
 * Level 3.1 Fire Magic


You had 2 spell levels left.
You knew the following spells:

 Your Spells              Type           Power      Damage    Failure   Level
a - Foxfire               Conj/Fire      32%        2x1d5     9%          1
b - Scorch                Fire           22%        2d5       9%          2

Your spell library contained the following spells:

 Spells                   Type           Power      Damage    Failure   Level
 Inner Flame              Hex/Fire       6%         N/A       32%         3
 Volatile Blastmotes      Fire/Tloc      12%        2d11      32%         3
 Flame Wave               Conj/Fire      8%         2d5       63%         4


Dungeon Overview and Level Annotations

Branches:
Dungeon (2/15)

Altars:


Innate Abilities, Weirdness & Mutations

You regenerate a little health from kills.


Message History

The endoplasm attacks as you move away! The endoplasm closely misses you.
The endoplasm freezes you.
You are frozen.
The endoplasm attacks as you move away!
The endoplasm hits you but does no damage.
Your magical contamination has completely faded away.
The endoplasm hits you.
A ball python comes into view.
The endoplasm attacks as you move away! The endoplasm closely misses you.
Found a bubbling blue potion.
Casting: Scorch (safe; 9% risk of failure)
Confirm with . or Enter, or press ? or * to list all spells.
You conjure some foxfire!
The endoplasm freezes you.
You are frozen.
The foxfire hits the endoplasm.
The endoplasm is lightly wounded.
The foxfire hits the endoplasm.
The endoplasm is heavily wounded.
The endoplasm hits you but does no damage.
The endoplasm attacks as you move away! The endoplasm hits you.
The endoplasm closely misses you. The endoplasm attacks as you move away!
The endoplasm misses you. The endoplasm freezes you.
You are frozen.
There is a stone staircase leading up here.
The endoplasm attacks as you move away! The endoplasm misses you.
Casting: Foxfire (safe; 9% risk of failure)
Confirm with . or Enter, or press ? or * to list all spells.
You conjure some foxfire!
The endoplasm freezes you.
You are frozen.
* * * LOW HITPOINT WARNING * * *
The foxfire hits the endoplasm.
The endoplasm is almost dead.
The endoplasm freezes you.
You are frozen.
* * * LOW HITPOINT WARNING * * *
The endoplasm attacks as you move away! The endoplasm hits you.
You die...

#......#
#......####
#..###....#
#.........#
#.........#.
#####..<.>.###..#
................#
.......#J......##
.......@...#####
#####..#.#.#
#..#.#.# #..#.#.#
#..#.#.# #.....
#.#..# #. ...


You could see an endoplasm.

Vanquished Creatures
  A dart slug (D:1)
  An endoplasm (D:1)
  A goblin (D:1)
  2 hobgoblins (D:1)
  3 kobolds (D:1)
  3 bats (D:1)
  2 frilled lizards (D:1)
13 creatures vanquished.

Vanquished Creatures (others)
  27 foxfires
27 creatures vanquished.

Grand Total: 40 creatures vanquished

Notes
Turn   | Place    | Note
-------+----------+-------------------------------------------
     0 | D:1      | Chumash the Demonspawn Fire Elementalist began the quest
                  | for the Orb.
     0 | D:1      | Reached XP level 1. HP: 13/13 MP: 3/3
    87 | D:1      | Reached skill level 3 in Fire Magic
   170 | D:1      | Gained mutation: You regenerate a little health from kills.
                  | [demonic ancestry]
   170 | D:1      | Reached XP level 2. HP: 19/19 MP: 3/5
   173 | D:1      | Learned a level 2 spell: Scorch
   338 | D:2      | Slain by an endoplasm

Illustrated notes

Levels and vault maps discovered:
D:1:      amcnicky_arrival_feature_with_door, layout_basic, minmay_hedge_maze
D:2:      layout_basic, basic_altar, serial_co_window_serial, co_window_paths_a,
          co_window_of_opportunity_a, co_window_paths_b, co_window_paths_a,
          co_window_paths_a, co_window_paths_a, co_window_paths_b,
          co_window_paths_b, co_window_corner_a, co_window_broadway_c,
          co_window_unsneaky_path_e, co_window_unsneaky_path_a,
          co_window_unsneaky_path_c, co_window_broadway_a, co_window_corner_b,
          glass_columns_b, glass_columns_a, glass_columns_b, glass_columns_a,
          uniq_terence, uniq_sigmund

Skill      XL: |  1 |
---------------+----+-----
Fire Magic     | 3 |  3.1
Dodging        | |  1.9
Stealth        | |  1.8
Spellcasting   | |  2.1
Conjurations   | |  1.4

Action                     || total
---------------------------++-------
   Cast: Foxfire           ||    15
         Scorch            ||     5
    Use: Scroll            ||     2
         Potion            ||     1
 Armour: Robe              ||     4
  Dodge: Dodged            ||    16
